 Dungeon Crawl Stone Soup version 0.21.1-1-g345015fe64 (webtiles) character file.

115 JarielCorvus the Skirmisher (level 5, 0/34 HPs)
             Began as a Gargoyle Fighter on July 11, 2018.
             Was an Initiate of Qazlal.
             Killed from afar by an orc wizard (2 damage)
             ... with a magic dart
             ... on level 3 of the Dungeon.
             The game lasted 00:06:05 (1847 turns).

JarielCorvus the Skirmisher (Gargoyle Fighter)      Turns: 1847, Time: 00:06:06

Health: 0/34       AC: 15    Str: 21    XL:     5   Next: 0%
Magic:  5/5        EV:  5    Int:  8    God:    Qazlal [......]
Gold:   124        SH:  9    Dex:  9    Spells: 4/4 levels left

rFire    . . .     SeeInvis .   a - +1 long sword
rCold    . . .     Gourm    .   c - +0 shield
rNeg     + . .     Faith    .   h - +0 chain mail
rPois    ∞         Spirit   .   (no helmet)
rElec    +         Reflect  .   (no cloak)
rCorr    .         Harm     .   (no gloves)
MR       .....                  (no boots)
Stlth    ..........             k - amulet of regeneration
HPRegen  0.51/turn              j - +2 ring of protection
MPRegen  0.09/turn              (no ring)

@: no status effects
A: negative energy resistance 1, electricity resistance, unbreathing,
petrification resistance, rot immunity, AC +4
a: Renounce Religion


You were on level 3 of the Dungeon.
You worshipped Qazlal.
Qazlal was noncommittal.
You were hungry.

You visited 1 branch of the dungeon, and saw 3 of its levels.

You collected 124 gold pieces.

Inventory:

Hand Weapons
 a - a +1 long sword (weapon)
Armour
 b - a +0 scale mail
 c - a +0 shield (worn)
 e - a +0 scale mail
 h - a +0 chain mail (worn)
 m - a +0 helmet
Jewellery
 j - a +2 ring of protection (left hand)
 k - an amulet of regeneration (around neck)
Scrolls
 g - a scroll of remove curse
Potions
 d - a potion of might
 i - 2 potions of lignification {unknown}
Comestibles
 f - 2 rations


   Skills:
 * Level 4.4 Fighting
 + Level 2.4 Long Blades
 * Level 4.3 Armour
 + Level 3.8 Shields


You had 4 spell levels left.
You didn't know any spells.

Dungeon Overview and Level Annotations

Branches:
Dungeon (3/15)

Altars:
Qazlal


Innate Abilities, Weirdness & Mutations

You are resistant to torment.
Your stone body is resilient. (AC +4)
You are immune to poison.
You resist negative energy. (rN+)
You are resistant to electric shocks. (rElec)
You can survive without breathing.
You are immune to petrification.
You are immune to rotting.


Message History

Beogh smites you!
* * * LOW HITPOINT WARNING * * *
You block the frilled lizard's attack. You block the orc's attack.
The orc hits you but does no damage. You block the orc wizard's attack.
Your chain mail prevents you from hitting the frilled lizard.
You block the frilled lizard's attack. You block the orc's attack.
The orc barely misses you.
You riposte.
Your shield and chain mail prevent you from hitting the orc.
You block the orc wizard's attack.
The frilled lizard bites you but does no damage.
You closely miss the frilled lizard. You block the orc's attack. x2
The orc wizard gestures at you while chanting.
The magic dart hits you!
* * * LOW HITPOINT WARNING * * *
You block the frilled lizard's attack. The orc hits you but does no damage.
Your shield and chain mail prevent you from hitting the frilled lizard.
The orc hits you but does no damage.
The orc wizard points at you and mumbles some strange words.
The magic dart hits you!
You die...

#.......#.#
.......#.# .
#.#......
#.#######.#....#
#..............#
#.............#
#....%.$..l#
#.....<..o@#
#........oo#
..........Ko#
............)..
..#............#
..............o#
.o.......##......
.........##....$o


You could see an orc priest, an orc wizard, 2 orcs, a kobold and a frilled
lizard.

Vanquished Creatures
  4 adders
  2 oozes (D:1)
  A dart slug (D:1)
  A leopard gecko (D:2)
  An orc (D:3)
  5 bats
  5 giant cockroaches
  7 hobgoblins
  8 jackals (D:1)
  11 kobolds
  4 frilled lizards
  8 goblins
  9 rats
66 creatures vanquished.

Notes
Turn   | Place    | Note
-------+----------+-------------------------------------------
     0 | D:1      | JarielCorvus the Gargoyle Fighter began the quest for the Orb.
     0 | D:1      | Reached XP level 1. HP: 14/14 MP: 1/1
    39 | D:1      | Reached XP level 2. HP: 18/19 MP: 2/2
   294 | D:1      | Reached XP level 3. HP: 24/24 MP: 3/3
  1071 | D:2      | Reached XP level 4. HP: 27/29 MP: 4/4
  1749 | D:2      | Found a stormy altar of Qazlal.
  1760 | D:2      | Became a worshipper of Qazlal Stormbringer
  1843 | D:3      | Reached XP level 5. HP: 19/34 MP: 5/5
  1846 | D:3      | HP: 1/34 [orc wizard/magic dart (8)]
  1847 | D:3      | Killed from afar by an orc wizard

Skill      XL: |  1  2  3 |
---------------+----------+-----
Long Blades    | 2 |  2.4
Fighting       | 4 |  4.4
Armour         | 4 |  4.3
Shields        | |  3.8

Action                   |  1- 3 |  4- 6 || total
-------------------------+-------+-------++-------
Melee: Long sword        |   172 |    88 ||   260
  Use: Scroll            |     2 |     2 ||     4
  Eat: Chunk             |       |     3 ||     3
Armor: Scale mail        |   105 |       ||   105
       Chain mail        |    16 |    66 ||    82
Dodge: Dodged            |    62 |    25 ||    87
Block: Shield            |   130 |    56 ||   186
       Rpst.: Long sword |    21 |    10 ||    31
